 Dungeon Crawl Stone Soup version 0.21-a0-522-ga8338f0 (webtiles) character file.

2931 solxrula the Basher (level 9, -6/126 HPs)
             Began as a Troll Berserker on Dec 6, 2017.
             Was an Elder of Trog.
             Mangled by a killer bee (12 damage)
             ... on level 8 of the Dungeon.
             The game lasted 00:26:57 (6237 turns).

solxrula the Basher (Troll Berserker)               Turns: 6237, Time: 00:26:58

Health: -6/126     AC:  6    Str: 35    XL:     9   Next: 50%
Magic:  8/8        EV: 11    Int:  3    God:    Trog [****..]
Gold:   325        SH:  0    Dex:  9    Spells: 8/8 levels left

rFire    . . .     SeeInvis .   p - +5 flail (crush)
rCold    . . .     Gourm    +   (no shield)
rNeg     . . .     Faith    .   b - +1 animal skin
rPois    .         Spirit   .   (helmet restricted)
rElec    .         Reflect  .   (no cloak)
rCorr    .         Harm     .   (gloves unavailable)
MR       .....                  (boots unavailable)
Stlth    ..........             (no amulet)
HPRegen  1.11/turn              (no ring)
MPRegen  0.11/turn              (no ring)

@: berserking, lethally poisoned (-6 -> -7), very quick
A: large, unfitting armour, claws 3, fast metabolism 3, gourmand, regeneration
2, shaggy fur 1, tough skin 2, wild magic 1
a: Berserk, Trog's Hand, Brothers in Arms, Burn Spellbooks, Renounce Religion


You were on level 8 of the Dungeon.
You worshipped Trog.
Trog was greatly pleased with you.
You were very full.

You visited 1 branch of the dungeon, and saw 8 of its levels.

You collected 325 gold pieces.

Inventory:

Hand Weapons
 p - a +5 flail of crushing (weapon)
Missiles
 l - 9 large rocks (quivered)
Armour
 b - a +1 animal skin (worn)
Wands
 e - a wand of disintegration (8)
 k - a wand of flame (39)
Scrolls
 d - a scroll of teleportation
 f - 5 scrolls of remove curse
 m - a scroll of identify
 q - a scroll of fog
Comestibles
 c - 8 bread rations
 g - a royal jelly
 h - 5 fruits
 i - a meat ration


   Skills:
 + Level 4.3 Fighting
 * Level 10.4 Maces & Flails
 + Level 5.1 Dodging
 + Level 1.0 Stealth
 + Level 0.6 Evocations


You had 8 spell levels left.
You didn't know any spells.

Dungeon Overview and Level Annotations

Branches:
Dungeon (8/15)             Temple (0/1) D:4
   Lair: D:8-11

Altars:
Elyvilon
Hepliaklqana
Makhleb
Uskayaw
Wu Jian
Zin

Annotations:
D:5 1 runed door


Innate Abilities, Weirdness & Mutations

You are too large for most types of armour.
You have claws for hands.
Your metabolism is lightning-fast.
You like to eat raw meat.
You heal very quickly.
You are covered in fur. (AC +1)
You have very tough skin. (AC +2)
Your spells are a little harder to cast, but a little more powerful.


Message History

A killer bee comes into view.
You closely miss the killer bee.
The killer bee is heavily wounded.
The killer bee stings you.
* * * LOW HITPOINT WARNING * * *
The killer bee closely misses you.
You sock the killer bee!
You feel the power of Trog in you as your rage grows.
You kill the killer bee!
Trog accepts your kill.
You feel sick. The killer bee closely misses you.
You bludgeon the killer bee!!
You kill the killer bee!
Trog accepts your kill.
You feel sick. The killer bee stings you!
* * * LOW HITPOINT WARNING * * *
You barely miss the killer bee. The killer bee stings you.
* * * LOW HITPOINT WARNING * * *
The killer bee stings you!
You die...

..# #.#.
.y.####..
.y.......
..#...?.#######
.y.............
#.....# #...yy#
#...hy#########
######@.......#
#....#####.
#........#
#........#
#......#.#
#......###.#
##..........#
#......######
##......##...#


You could see a queen bee, a hound and 5 killer bees.

Vanquished Creatures
  Edmund (D:6)
  Menkaure (D:6)
  3 sky beasts
  2 orc warriors (D:7)
  A black bear (D:7)
  An ice beast (D:6)
  A phantom (D:5)
  An ogre (D:6)
  A bullfrog (D:7)
  2 scorpions (D:4)
  12 killer bees
  4 wights (D:3)
  2 crimson imps
  2 hounds (D:6)
  A quasit (D:5)
  A centaur zombie (D:6)
  7 orc priests
  Terence (D:2)
  An iguana (D:5)
  8 orc wizards
  3 worker ants
  2 hound skeletons (D:4)
  A hound zombie (D:7)
  9 adders
  6 gnolls
  A shadow imp (D:6)
  A white imp (D:6)
  An ooze (D:3)
  An adder skeleton (D:4)
  3 worms
  2 dart slugs (D:1)
  3 leopard geckos
  17 orcs
  3 ball pythons
  3 giant cockroaches
  6 goblins
  6 hobgoblins (D:1)
  8 jackals
  9 kobolds
  3 quokkas
  2 bats (D:1)
  5 frilled lizards
  A leopard gecko skeleton (D:5)
  A quokka skeleton (D:7)
  2 quokka zombies
  7 rats
159 creatures vanquished.

Notes
Turn   | Place    | Note
-------+----------+-------------------------------------------
     0 | D:1      | solxrula the Troll Berserker began the quest for the Orb.
     0 | D:1      | Reached XP level 1. HP: 22/22 MP: 0/0
    95 | D:1      | Reached skill level 3 in Maces & Flails
   112 | D:1      | Reached XP level 2. HP: 29/29 MP: 1/1
   720 | D:1      | Reached XP level 3. HP: 36/36 MP: 2/2
  1173 | D:2      | Reached ** piety under Trog
  1443 | D:2      | Noticed Terence
  1459 | D:2      | Killed Terence
  1459 | D:2      | Reached skill level 4 in Maces & Flails
  1459 | D:2      | Reached XP level 4. HP: 44/44 MP: 3/3
  1645 | D:3      | Found a white marble altar of Elyvilon.
  1728 | D:3      | Reached XP level 5. HP: 32/50 MP: 4/4
  1734 | D:3      | Reached skill level 5 in Maces & Flails
  2028 | D:3      | Found an ornate altar of the Wu Jian Council.
  2054 | D:3      | Found a glowing silver altar of Zin.
  2262 | D:3      | Reached XP level 6. HP: 52/59 MP: 5/5
  2577 | D:4      | Found a staircase to the Ecumenical Temple.
  2728 | D:4      | Reached skill level 6 in Maces & Flails
  2961 | D:4      | Reached *** piety under Trog
  2963 | D:4      | Reached XP level 7. HP: 65/67 MP: 6/6
  3407 | D:4      | Gained mutation: Your spells are a little harder to cast, but a little more powerful. [potion of mutation]
  3407 | D:4      | Gained mutation: You heal very quickly. [potion of mutation]
  3422 | D:5      | Entered Level 5 of the Dungeon
  3699 | D:5      | Reached skill level 7 in Maces & Flails
  3790 | D:5      | Found a hide-covered altar of Uskayaw.
  4257 | D:5      | Found a runed door.
  4603 | D:6      | Reached XP level 8. HP: 74/75 MP: 7/7
  4908 | D:6      | Reached **** piety under Trog
  4915 | D:6      | Reached skill level 8 in Maces & Flails
  4950 | D:6      | Noticed Edmund
  5076 | D:6      | Killed Edmund
  5162 | D:6      | Noticed Menkaure
  5170 | D:6      | Killed Menkaure
  5283 | D:7      | Reached skill level 9 in Maces & Flails
  5368 | D:7      | Received a gift from Trog
  5420 | D:7      | Reached XP level 9. HP: 84/84 MP: 8/8
  5521 | D:7      | Reached skill level 1 in Stealth
  5686 | D:7      | Reached skill level 5 in Dodging
  5745 | D:7      | Found a burning altar of Makhleb.
  5943 | D:7      | Found a hazy altar of Hepliaklqana.
  6018 | D:7      | Reached skill level 10 in Maces & Flails
  6220 | D:8      | Noticed a queen bee
  6237 | D:8      | HP: 6/126 [killer bee (6)]
  6237 | D:8      | Mangled by a killer bee

Vault maps used:
D:1:      dpeg_arrival_rhombi
D:2:      roderic_lattice_a, uniq_terence
D:3:      nicolae_overflow_crystal_walls, lemuel_round_altar,
          overflow_temple_1_default, serial_forest,
          infiniplex_forest_clump_curved, infiniplex_forest_lined_2,
          infiniplex_forest_clump_C, infiniplex_forest_lined_ring,
          infiniplex_forest_lined_3, infiniplex_forest_lined_corner
D:4:      temple_doors_e
D:5:      kennysheep_mini_moat, first_bread, serial_bayou_lagoon_a,
          grunt_ministairs_7, uniq_crazy_yiuf_cottage
D:6:      minmay_fire_ice_demons, uniq_edmund, uniq_menkaure
D:7:      kennysheep_mini, nicolae_overflow_hidden_temple
D:8:      david_nohive_1

Skill      XL: |  1  2  3  4  5  6  7  8  9 |
---------------+----------------------------+-----
Maces & Flails | 3 4 5 6 7 9 10 | 10.4
Dodging        | 3 4 5 |  5.1
Fighting       | 3 4 |  4.3
Stealth        | 1 |  1.0
Evocations     | |  0.6

Action                   |  1- 3 |  4- 6 |  7- 9 || total
-------------------------+-------+-------+-------++-------
Melee: Mace              |    85 |   181 |   275 ||   541
       Flail             |       |       |   146 ||   146
Invok: Berserk           |     1 |     4 |     6 ||    11
       Trog's Hand       |       |       |     2 ||     2
Evoke: Wand              |       |       |    10 ||    10
  Use: Scroll            |     3 |     6 |    11 ||    20
       Potion            |     1 |     1 |     6 ||     8
  Eat: Chunk             |    13 |     8 |    44 ||    65
       Meat ration       |       |     2 |       ||     2
Armor: Animal skin       |    22 |    54 |   133 ||   209
Dodge: Dodged            |    30 |    87 |   183 ||   300

Table legend:
 A = Spawn XP
 B = Non-spawn XP
 C = Spawn XP percentage of total XP
 D = Spawn monster count
 E = Non-spawn monster count
 F = Spawn count percentage of total count
 G = Total turns spent on level
                    A         B        C        D         E        F      G
               +---------+---------+-------+---------+---------+-------+---------
         Total |       0 |    4188 |   0.0 |       0 |     159 |   0.0 |  6237
               +---------+---------+-------+---------+---------+-------+---------
           D:1 |       0 |      45 |   0.0 |       0 |      24 |   0.0 |  1101
           D:2 |       0 |      64 |   0.0 |       0 |       8 |   0.0 |   538
           D:3 |       0 |     349 |   0.0 |       0 |      22 |   0.0 |   936
           D:4 |       0 |     430 |   0.0 |       0 |      29 |   0.0 |   847
           D:5 |       0 |     490 |   0.0 |       0 |      15 |   0.0 |  1076
           D:6 |       0 |     932 |   0.0 |       0 |      21 |   0.0 |   781
           D:7 |       0 |    1570 |   0.0 |       0 |      34 |   0.0 |   898
           D:8 |       0 |     308 |   0.0 |       0 |       6 |   0.0 |    60
               +---------+---------+-------+---------+---------+-------+---------
